[Event "*** Titled Tuesday Blitz"]
[Site "Chess.com"]
[Date "2020.04.07"]
[Round "4"]
[White "KuzubovYuriy"]
[Black "silverback96"]
[Result "1-0"]
[WhiteElo "2818"]
[BlackElo "2138"]
[TimeControl "180+1"]
[EndTime "13:40:12 PDT"]
[Termination "KuzubovYuriy won on time"]

1. d4 Nf6 2. Nf3 c5 3. e3 g6 4. dxc5 Qa5+ 5. Nbd2 Qxc5 6. a3 d5 7. b4 Qc7 8. Bb2 Bg7 9. c4 O-O 10. Rc1 Rd8 11. cxd5 Qd6 12. e4 Qf4 13. g3 Qg4 14. h3 Qh5 15. Be2 Nxe4 16. Bxg7 Nxd2 17. Qxd2 Kxg7 18. g4 Qh6 19. g5 Qh5 20. Rc4 Be6 21. Qc3+ f6 22. dxe6 1-0

[Event "*** Titled Tuesday Blitz"]
[Site "Chess.com"]
[Date "2020.04.07"]
[Round "4"]
[White "ChristopherYoo"]
[Black "guillembaches"]
[Result "1-0"]
[WhiteElo "2663"]
[BlackElo "2455"]
[TimeControl "180+1"]
[EndTime "13:40:12 PDT"]
[Termination "ChristopherYoo won by checkmate"]

1. e4 c5 2. d4 cxd4 3. Nf3 d6 4. Nxd4 Nf6 5. Nc3 a6 6. Bg5 e6 7.
Qf3 Be7 8. O-O-O h6 9. Be3 Qc7 10. Qg3 g5 11. h4 g4 12. f3 b5 13. Bxb5+ axb5 14. Ndxb5 Qc6 15. Nxd6+ Kf8 16. Qf4 Rh7 17. Nxc8 Qxc8 18. Bd4 Nbd7 19. e5 Ng8 20. fxg4 Rb8 21.
g5 hxg5 22. hxg5 Rg7 23. Ne4 Qb7 24. Nf6 Bxf6 25. exf6 Rg6 26. Qd6+ Ke8 27. Rh8 Rd8 28. Qe7# 1-0

[Event "*** Titled Tuesday Blitz"]
[Site "Chess.com"]
[Date "2020.04.07"]
[Round "4"]
[White "KarstenHansch"]
[Black "tgpgoat"]
[Result "1-0"]
[WhiteElo "2395"]
[BlackElo "2061"]
[TimeControl "180+1"]
[EndTime "13:40:12 PDT"]
[Termination "KarstenHansch won by checkmate"]

1. e4 c5 2. Nf3 Nc6 3. Bb5 g6 4. O-O Bg7 5. Re1 e5 6. Bxc6 dxc6 7. d3 Ne7 8. Be3 b6 9. a3 O-O 10. b4 cxb4 11. axb4 Be6 12. Qc1 Qc7 13. Qb2 Rfd8 14. Nbd2 Nc8 15. Ra3 Nd6 16. Rea1 Nb5 17. Ra4 Nd4 18.
Bxd4 exd4 19. Ng5 Bd7 20. Qa2 Be8 21. Rxa7 Rxa7 22. Qxa7 Qd6 23. Qxb6 Rb8 24. Qc5 Qxc5 25. bxc5 Rb5 26. Ra8 Kf8 27. Nb3 Ke7 28. f4 Bd7 29. Ra7 h6 30. Nxf7 Rb8 31. Nd6 Rf8 32. g3 g5 33. f5 Be5 34. Nc4 Bb8 35. Rb7 h5 36. Nb6 h4 37. Rxd7+ Kf6 38. Nxd4 hxg3 39. hxg3 Bxg3 40. Nxc6 Rh8 41. Nd5# 1-0

[Event "*** Titled Tuesday Blitz"]
[Site "Chess.com"]
[Date "2020.04.07"]
[Round "4"]
[White "PawnEatingZombie"]
[Black "patrisiii123"]
[Result "1/2-1/2"]
[WhiteElo "2135"]
[BlackElo "2356"]
[TimeControl "180+1"]
[EndTime "13:40:12 PDT"]
[Termination "Game drawn by repetition"]

1. d4 d5 2. c4 e6 3. Nc3 c6 4. e3 Nf6 5. Nf3 Be7 6. Bd3 O-O 7. O-O Nbd7 8. e4 dxe4 9. Nxe4 Nxe4 10. Bxe4 Nf6 11.
Bc2 c5 12. Qd3 cxd4 13. Bg5 g6 14. Rad1 Qb6 15. Qxd4 Qxd4 16. Nxd4 Kg7 17. Nb5 h6 18. Bf4 Bd7 19. Bd6 Bxd6 20. Nxd6 Bc6 21. f3 Rfd8 22.
b4 a6 23. Rd2 Rd7 24. Rfd1 Rad8 25. Kf2 Kf8 26. Ke3 Ke7 27. Ne4 Nxe4 28. Rxd7+ Rxd7 29. Rxd7+ Kxd7 30. Bxe4 Bxe4 31. Kxe4 Kd6 32. f4 f6 33. a4 Kc6 34. Kd4 Kd6 35. c5+ Kc6 36. Kc4 Kc7 37. b5 a5 38. Kd4 Kd7 39. Ke4 Kc7 40. g4 Kd7 41. h4 Kc7 42. h5 gxh5 43. gxh5 Kd7 44. Kd4 Kc7 45. Ke4 Kd7 46. f5 e5 47.
Kd5 Kc7 48. Ke4 Kd7 49. Kd5 Ke7 50. Ke4 Kd7 1/2-1/2

[Event "*** Titled Tuesday Blitz"]
[Site "Chess.com"]
[Date "2020.04.07"]
[Round "4"]
[White "Cukiero"]
[Black "Ariadna_Atreides"]
[Result "1-0"]
[WhiteElo "2522"]
[BlackElo "2047"]
[TimeControl "180+1"]
[EndTime "13:40:13 PDT"]
[Termination "Cukiero won on time"]

1. e4 c5 2. Nf3 d6 3. c3 Nf6 4. Be2 g6 5. O-O Bg7 6. Bb5+ Bd7 7. Bxd7+ Nfxd7 8. d4 O-O 9. Nbd2 Nc6 10. Nc4 b5 11.
Ne3 e6 12. d5 exd5 13. Nxd5 Nb6 14. Bg5 f6 15. Nxb6 Qxb6 16. Bf4 Ne5 17. Qd5+ Kh8 18. Rfd1 Rad8 19. a4 b4 20. c4 a5 21. b3 Rfe8 22. Ra2 Bf8 23. Rad2 Rd7 24. h4 Kg7 25. h5 g5 26.
Bxe5 fxe5 27. Nxg5 Kh8 28. Rd3 1-0

[Event "*** Titled Tuesday Blitz"]
[Site "Chess.com"]
[Date "2020.04.07"]
[Round "4"]
[White "MikeSailer"]
[Black "isla88"]
[Result "0-1"]
[WhiteElo "2045"]
[BlackElo "2280"]
[TimeControl "180+1"]
[EndTime "13:40:13 PDT"]
[Termination "isla88 won on time"]

1. d4 Nf6 2. Bf4 d6 3. e3 h6 4. Nf3 g5 5. Bg3 Nh5 6. c4 Bg7 7. Nc3 e6 8. Nd2 Nxg3 9. hxg3 e5 10. dxe5 dxe5 11. Be2 Nc6 12. a3 Be6 13. Qc2 Qe7 14.
O-O-O O-O-O 15. Bf3 f5 16. Bxc6 bxc6 17. Qa4 Qc5 18.
Qa6+ Kb8 19. Na4 Qe7 20. Qxc6 Bd7 21. Qa6 e4 22. Nb3 Bxa4 23. Qxa4 Qf6 24. Nd4 c5 25. Qb5+ Ka8 26. Qxc5 Rc8 27. Qd5+ Kb8 28. Rd2 Rhd8 29. Qb5+ Ka8 30. Rhd1 f4 31. gxf4 gxf4 32. Qb3 Qf7 33. Kb1 Rxc4 34. Nb5 Rc1+ 35. Rxc1 Qxb3 36. Nc7+ Kb7 37.
Nb5 Rxd2 38. Nd6+ Rxd6 0-1

[Event "*** Titled Tuesday Blitz"]
[Site "Chess.com"]
[Date "2020.04.07"]
[Round "4"]
[White "King_of_the_wing"]
[Black "Schachmalanders"]
[Result "0-1"]
[WhiteElo "2027"]
[BlackElo "2308"]
[TimeControl "180+1"]
[EndTime "13:40:14 PDT"]
[Termination "Schachmalanders won on time"]

1. e4 c5 2. Nf3 d6 3. d4 cxd4 4. Nxd4 Nf6 5. Nc3 a6 6. Bg5 e6 7.
f4 h6 8. Bxf6 Qxf6 9. Qd2 Nc6 10. Nxc6 bxc6 11. Bd3 Be7 12. O-O O-O 13. e5 dxe5 14.
Ne4 Qh4 15. g3 Qh3 16. fxe5 c5 17. Rf4 Bb7 18. Bf1 Qh5 19. Qc3 Rad8 20. Re1 Rd1 21. g4 Rxe1 22. gxh5 Rxe4 23. Rxe4 Bxe4 24. Bxa6 Rd8 25.
Bd3 Bf3 26. Bh7+ Kxh7 27. Qxf3 Kg8 28. a4 c4 29. a5 Bc5+ 30. Kf1 Rd2 31. Qc6 Bd4 32.
Qxc4 Bxe5 33. a6 Bd4 34. b4 e5 35. b5 Rd1+ 36. Ke2 Rb1 37. Qc8+ Kh7 38. c3 Rb2+ 39.
Kd3 Bf2 0-1

[Event "*** Titled Tuesday Blitz"]
[Site "Chess.com"]
[Date "2020.04.07"]
[Round "4"]
[White "AminMolaei"]
[Black "Witik"]
[Result "1/2-1/2"]
[WhiteElo "2527"]
[BlackElo "2707"]
[TimeControl "180+1"]
[EndTime "13:40:15 PDT"]
[Termination "Game drawn by repetition"]

1. d4 d5 2. c4 e6 3. c5 b6 4. cxb6 axb6 5. Nc3 Nf6 6. Nf3 c5 7. e3 Bd6 8. Be2 O-O 9. O-O Nc6 10. b3 Bb7 11. Bb2 Rc8 12. Nb5 Bb8 13. Rc1 Ne4 14.
h3 f5 15. Nd2 cxd4 16. Nxe4 fxe4 17. Nxd4 Qd6 18. g3 Rxf2 19. Rxf2 Qxg3+ 20. Kf1 Qxh3+ 21. Kg1 Qg3+ 22. Kf1 Qh3+ 23. Ke1 Bg3 24. Nxc6 Bxf2+ 25. Kxf2 Qh4+ 26. Kg2 Qg5+ 27. Kf2 Qh4+ 28. Kg2 Qg5+ 29. Kh2 Qh4+ 30. Kg2 1/2-1/2

[Event "*** Titled Tuesday Blitz"]
[Site "Chess.com"]
[Date "2020.04.07"]
[Round "4"]
[White "JoakimVonAnd"]
[Black "levallem"]
[Result "0-1"]
[WhiteElo "2484"]
[BlackElo "2116"]
[TimeControl "180+1"]
[EndTime "13:40:15 PDT"]
[Termination "levallem won by resignation"]

1. d4 Nf6 2. c4 e6 3. Nc3 b6 4. e4 Bb7 5. e5 Ne4 6. Qf3 Bb4 7. Bd2 Nxd2 8. Qxb7 Nc6 9. Kxd2 a5 10. d5 Ra7 11.
dxc6 Rxb7 12. cxb7 Qb8 13. Nf3 Qxb7 14. Bd3 O-O 15. a3 Bxc3+ 16. Kxc3 d5 17. Rad1 c5 18. Kc2 dxc4 19. Bxc4 b5 20. Be2 c4 21. Rd4 h6 22.
Rhd1 g5 23. h4 f6 24. exf6 Rxf6 25. hxg5 hxg5 26. Rd8+ Rf8 27. Rxf8+ Kxf8 28. Rd4 Qh7+ 29. Kc1 Qh1+ 30. Kc2 Qxg2 31. Nd2 Qxf2 32. Bg4 Qxd4 33. Bxe6 0-1

[Event "*** Titled Tuesday Blitz"]
[Site "Chess.com"]
[Date "2020.04.07"]
[Round "4"]
[White "artooon"]
[Black "StoreySniper"]
[Result "1/2-1/2"]
[WhiteElo "2711"]
[BlackElo "2530"]
[TimeControl "180+1"]
[EndTime "13:40:16 PDT"]
[Termination "Game drawn by repetition"]

1. e4 g6 2. d4 Bg7 3. Nc3 c5 4. Be3 Qa5 5. Ne2 Nf6 6. f3 d6 7. Qd2 Nc6 8. h4 h5 9. O-O-O Bd7 10. Kb1 O-O-O 11. d5 Ne5 12. Nc1 a6 13. Nb3 Qc7 14.
a4 Kb8 15. Be2 Ka8 16. a5 Rb8 17. f4 Neg4 18. e5 Ne8 19. Ne4 Bf5 20. Bf3 Nxe3 21.
Qxe3 c4 22. Nbd2 Rc8 23. Ng3 Bxc2+ 24. Kxc2 Qxa5 25. Ra1 Qb4 26. Rhe1 Nc7 27. Qc3 Qc5 28. Qe3 Qb4 29. Qa3 Qb6 30. Qe3 Qb4 1/2-1/2

[Event "*** Titled Tuesday Blitz"]
[Site "Chess.com"]
[Date "2020.04.07"]
[Round "4"]
[White "AllStarShark"]
[Black "maxip32"]
[Result "1-0"]
[WhiteElo "2337"]
[BlackElo "2474"]
[TimeControl "180+1"]
[EndTime "13:40:19 PDT"]
[Termination "AllStarShark won by resignation"]

1. d4 Nf6 2. Bg5 c5 3. Nc3 cxd4 4. Qxd4 Nc6 5. Qh4 e6 6. O-O-O Be7 7. e4 d6 8. f4 Qa5 9. Nf3 Bd7 10. Nd2 h6 11.
Nc4 Qd8 12. Nxd6+ Kf8 13. e5 Ng8 14. Bxe7+ Ngxe7 15. Nxb7 Qc7 16. Nc5 Be8 17. N5e4 Rb8 18. Bb5 Qb6 19. Qf2 Qb7 20. Nd6 Qc7 21. Nxe8 Rxe8 22.
Qc5 Kg8 23. Rd6 Rc8 24. Rhd1 Kh7 25. Bxc6 Qb6 26. Qxb6 1-0

[Event "*** Titled Tuesday Blitz"]
[Site "Chess.com"]
[Date "2020.04.07"]
[Round "4"]
[White "gixfantastix"]
[Black "cuprichanin"]
[Result "0-1"]
[WhiteElo "2098"]
[BlackElo "2332"]
[TimeControl "180+1"]
[EndTime "13:40:19 PDT"]
[Termination "cuprichanin won by checkmate"]

1. e4 c5 2. Nf3 e6 3. d4 cxd4 4. Nxd4 a6 5. Bd3 Nc6 6. Ne2 Nf6 7. O-O Bc5 8. Kh1 Ng4 9. f3 Nf2+ 10. Rxf2 Bxf2 11. Nf4 Qh4 12. Nc3 Bg3 13. Nh3 Bc7 14.
Be3 O-O 15. Qd2 Qe7 16. Rd1 Ne5 17. Bf1 Ng6 18. Qf2 b5 19. Bg5 f6 20. Be3 Bb7 21.
a3 Rad8 22. Ng1 f5 23. Bc5 d6 24. exf5 Rxf5 25. Bd4 d5 26. Nce2 e5 27. Bc5 Qf7 28.
Ng3 Rf4 29. Nh5 Rh4 30. Ng3 d4 31. Bd3 e4 32. Nxe4 Bxe4 33. Bxe4 Rxh2# 0-1

[Event "*** Titled Tuesday Blitz"]
[Site "Chess.com"]
[Date "2020.04.07"]
[Round "4"]
[White "OK97"]
[Black "Natalya_Buksa"]
[Result "1-0"]
[WhiteElo "2745"]
[BlackElo "2453"]
[TimeControl "180+1"]
[EndTime "13:40:20 PDT"]
[Termination "OK97 won by resignation"]

1. Nf3 d5 2. g3 Nf6 3. Bg2 e6 4. O-O Be7 5. c4 O-O 6. d4 dxc4 7. Qc2 c6 8. Qxc4 b5 9. Qc2 Bb7 10. a4 bxa4 11. Rxa4 Nbd7 12. Rd1 Qb6 13. Be3 Nd5 14. Bg5 c5 15. e4 Nb4 16. Rxb4 cxb4 17. Bxe7 Rfc8 18.
Qe2 Nf6 19. Bxf6 gxf6 20. Nh4 Qa6 21. Qg4+ Kf8 22. Nd2 Qd3 23. Nf1 Qb3 24. d5 exd5 25. exd5 Rc4 26. Qh5 Bc8 27. d6 Bg4 28. Qh6+ Kg8 29.
Re1 Qxb2 30. Bxa8 Be6 31. Nf5 1-0

[Event "*** Titled Tuesday Blitz"]
[Site "Chess.com"]
[Date "2020.04.07"]
[Round "4"]
[White "mathapples"]
[Black "SahaNeelash"]
[Result "0-1"]
[WhiteElo "2320"]
[BlackElo "2493"]
[TimeControl "180+1"]
[EndTime "13:40:22 PDT"]
[Termination "SahaNeelash won by resignation"]

1. d4 d5 2. c4 e6 3. Nc3 Be7 4. Nf3 Nf6 5. Bg5 h6 6. Bh4 O-O 7. e3 Ne4 8. Bxe7 Qxe7 9. Nxe4 dxe4 10. Nd2 f5 11. Qc2 e5 12. c5 exd4 13. Bc4+ Be6 14. exd4 c6 15. Qb3 Bxc4 16. Nxc4 Kh7 17. O-O-O Na6 18.
h4 Rab8 19. Qa3 Nc7 20. Qxa7 Nb5 21. Qa4 Ra8 22. Qb3 Qf6 23. Qe3 Rxa2 24. Kb1 Rfa8 25.
Ne5 R2a4 26. g4 Nxd4 27. Rxd4 Ra1+ 28. Kc2 Rxh1 29. Nd7 Qxh4 30. gxf5 Rh2 31. Rxe4 Qxf2+ 32. Qxf2 Rxf2+ 33. Kb3 Rxf5 34. Re7 h5 35. Nb6 Ra5 36. Rxb7 Raxc5 37. Nd7 Rb5+ 38. Rxb5 Rxb5+ 39. Kc3 h4 40. b4 h3 41. Nc5 h2 0-1

[Event "*** Titled Tuesday Blitz"]
[Site "Chess.com"]
[Date "2020.04.07"]
[Round "4"]
[White "politeplayer"]
[Black "sofaceindisguise"]
[Result "0-1"]
[WhiteElo "2210"]
[BlackElo "2645"]
[TimeControl "180+1"]
[EndTime "13:40:23 PDT"]
[Termination "sofaceindisguise won by resignation"]

1. e4 c5 2. d4 cxd4 3. c3 dxc3 4.
Nxc3 e6 5. Nf3 a6 6. Bc4 d6 7. O-O b5 8. Bb3 Ra7 9. Qe2 Rd7 10. Ng5 Be7 11. Nxe6 fxe6 12. Bxe6 Rc7 13. Bxg8 Rxg8 14. Nd5 Be6 15. Nxc7+ Qxc7 16. Be3 g6 17. Rac1 Qb7 18. Bf4 Nd7 19. Rfd1 Ne5 20. Bg3 Kf7 21. f4 Bc4 22.
Qe3 Ng4 23. Qd4 Rc8 24. b3 Be6 25. Rxc8 Qxc8 26. h3 Nf6 27. e5 dxe5 28. fxe5 Bc5 29. exf6 Bxd4+ 30. Rxd4 Qc3 31. Bf2 Qa1+ 32. Kh2 Qxa2 33.
Rd6 Qxb3 34. Rxa6 Kxf6 35. Bd4+ Kf5 36. g4+ Ke4 37. Bf2 Kf3 38. Rd6 0-1

[Event "*** Titled Tuesday Blitz"]
[Site "Chess.com"]
[Date "2020.04.07"]
[Round "4"]
[White "Nastya_Rakhmangulova"]
[Black "kingmonkey2006"]
[Result "1-0"]
[WhiteElo "2369"]
[BlackElo "2622"]
[TimeControl "180+1"]
[EndTime "13:40:23 PDT"]
[Termination "Nastya_Rakhmangulova won by resignation"]

1. e4 c5 2. Nf3 d6 3. d4 cxd4 4. Nxd4 Nf6 5. Nc3 a6 6. Bg5 e6 7. f4 h6 8. Bh4 Nbd7 9. Qd2 Be7 10. O-O-O b5 11. Nc6 Qc7 12. Nxe7 Kxe7 13. Bd3 Bb7 14.
Rhe1 b4 15. Na4 g5 16. fxg5 hxg5 17. Bxg5 Qa5 18. b3 Rxh2 19. Bc4 Ke8 20. Bxf6 Nxf6 21. Qxd6 Rh7 22. Nb6 Rc8 23. Nxc8 Bxc8 24. Kb1 Nd7 25. Bxe6 fxe6 26. Qxe6+ Kd8 27. Qg8+ Kc7 28. Qxh7 Qe5 29. Rh1 a5 30. Qh2 Qxh2 31. Rxh2 1-0

[Event "*** Titled Tuesday Blitz"]
[Site "Chess.com"]
[Date "2020.04.07"]
[Round "4"]
[White "Misticpikachu"]
[Black "ENEASZ"]
[Result "0-1"]
[WhiteElo "2225"]
[BlackElo "2517"]
[TimeControl "180+1"]
[EndTime "13:40:23 PDT"]
[Termination "ENEASZ won by resignation"]

1. c4 g6 2. Nc3 Bg7 3. d4 d6 4. e4 e5 5. Nf3 exd4 6. Nxd4 Ne7 7. Be2 Nbc6 8. Be3 O-O 9. O-O f5 10. exf5 Bxd4 11. Bxd4 Nxf5 12. Be3 Nxe3 13. fxe3 Rxf1+ 14. Bxf1 Be6 15. Nd5 Ne5 16. Be2 c6 17. Nf4 Qe7 18. Qd4 Bf5 19. Rd1 Nf7 20. Bf3 a5 21. e4 Be6 22. Nd3 c5 23. Qc3 Ng5 24. Rf1 Rf8 25. Ne1 Qg7 26. Qxg7+ Kxg7 27. b3 b6 28. Nc2 Nf7 29. Rd1 Rd8 30. Kf2 Kf6 31. Ke3 Ne5 32. Ne1 g5 33. h3 Ke7 34. Nd3 Nc6 35. Nf2 Ne5 36. Ng4 Bxg4 37. hxg4 a4 38. bxa4 Ra8 39. Rb1 Rxa4 40. Rxb6 Nxc4+ 0-1

[Event "*** Titled Tuesday Blitz"]
[Site "Chess.com"]
[Date "2020.04.07"]
[Round "4"]
[White "erlesfar"]
[Black "plumalka"]
[Result "0-1"]
[WhiteElo "2040"]
[BlackElo "2389"]
[TimeControl "180+1"]
[EndTime "13:40:23 PDT"]
[Termination "plumalka won on time"]

1. d4 Nf6 2. Nc3 g6 3. Nf3 Bg7 4. Bg5 d6 5. e3 O-O 6. Be2 Nbd7 7.
O-O Re8 8. h3 c6 9. e4 e5 10.
dxe5 Nxe5 11. a4 Nxf3+ 12. Bxf3 Be6 13. a5 Qc7 14. Re1 h6 15. Bf4 Rad8 16. Qd2 Kh7 17. Bh2 Qe7 18. Qe3 a6 19. Qb6 Rb8 20. Rad1 Red8 21.
e5 dxe5 22. Bxe5 Rbc8 23. Bg3 Qf8 24. Na4 Nd5 25. Bxd5 Bxd5 26. Nc5 Re8 27. Nxb7 Rb8 28. Bxb8 Rxb8 29. Qc7 Bxb2 30. Nd6 Bg7 0-1

[Event "*** Titled Tuesday Blitz"]
[Site "Chess.com"]
[Date "2020.04.07"]
[Round "4"]
[White "annacramling"]
[Black "AyMitecK"]
[Result "0-1"]
[WhiteElo "1956"]
[BlackElo "2282"]
[TimeControl "180+1"]
[EndTime "13:40:23 PDT"]
[Termination "AyMitecK won on time"]

1. d4 Nf6 2. c4 e6 3. Nf3 c5 4. d5 exd5 5. cxd5 d6 6. Nc3 g6 7. e4 Bg7 8. Be2 O-O 9. O-O a6 10.
a4 Bg4 11. h3 Bxf3 12. Bxf3 Nbd7 13. Be2 Qe7 14. Qc2 Rfe8 15. Bg5 h6 16. Bh4 g5 17.
Bg3 Ne5 18. f4 gxf4 19. Bxf4 Ng6 20. Bd3 Nxf4 21. Rxf4 Nd7 22. Raf1 Ne5 23. Be2 Rab8 24. Bh5 Rf8 25. Nd1 b5 26. axb5 Rxb5 27. Ne3 Qg5 28.
Be2 Ng6 29. Bxb5 Nxf4 30. Bxa6 Bd4 31. Qb3 Nxh3+ 32. Kh1 Nf4 0-1

[Event "*** Titled Tuesday Blitz"]
[Site "Chess.com"]
[Date "2020.04.07"]
[Round "4"]
[White "XDPS"]
[Black "TigrVShlyape"]
[Result "0-1"]
[WhiteElo "2703"]
[BlackElo "2850"]
[TimeControl "180+1"]
[EndTime "13:40:24 PDT"]
[Termination "TigrVShlyape won by resignation"]

1. d4 d5 2. Bf4 c5 3. e3 Nc6 4. Nf3 cxd4 5. exd4 Bg4 6. c3 e6 7. Nbd2 Bd6 8. Bxd6 Qxd6 9. Bd3 Nge7 10. O-O h6 11. Re1 O-O 12. Qa4 f6 13. Re3 Bf5 14. Bf1 e5 15.
dxe5 fxe5 16. Rae1 e4 17. Nd4 Bd7 18. Nxc6 bxc6 19.
f3 Nf5 20. R3e2 e3 21. Nb3 c5 22. Qa3 Rac8 23. Rxe3 Nxe3 24. Rxe3 Qb6 25. Re7 Rf7 26. Re1 Kh8 27. Rd1 Be6 28. Kh1 Re7 29. Nc1 Bf7 30. Nd3 a5 31. Nf4 Re5 32. Nd3 Re3 33. Qa4 Rce8 34. Qd7 Bg8 35. Qf5 d4 36. Nf4 Bh7 37.
Qb1 Bxb1 0-1

[Event "*** Titled Tuesday Blitz"]
[Site "Chess.com"]
[Date "2020.04.07"]
[Round "4"]
[White "Euwe1234"]
[Black "jaskol95"]
[Result "1-0"]
[WhiteElo "2136"]
[BlackElo "2383"]
[TimeControl "180+1"]
[EndTime "13:40:24 PDT"]
[Termination "Euwe1234 won by checkmate"]

1. e4 e6 2. d4 d5 3. exd5 exd5 4. Nf3 Bd6 5. c4 c6 6. Nc3 Ne7 7. Bd3 dxc4 8. Bxc4 Bf5 9. O-O O-O 10. Re1 h6 11. Ne5 Nd7 12. Qf3 Nb6 13. Bb3 Qc7 14. Bf4 Rad8 15.
Rad1 Ng6 16. Nxf7 Bxf4 17. Nxh6+ Kh7 18. Nxf5 Bxh2+ 19. Kh1 Bf4 20. Qh5+ Bh6 21. Re6 Qf7 22. Nxh6 gxh6 23. Rxc6 Qg7 24. Re6 Rxf2 25. Rde1 Rdf8 26. Rxg6 Qxg6 27. Re7+ R2f7 28. Rxf7+ Rxf7 29. Bxf7 Qf6 30. Bb3 Qf1+ 31. Kh2 Qf4+ 32. Kh3 Qxd4 33. Qf7+ Kh8 34.
Qg8# 1-0

[Event "*** Titled Tuesday Blitz"]
[Site "Chess.com"]
[Date "2020.04.07"]
[Round "4"]
[White "mmaks007"]
[Black "dmosesov"]
[Result "0-1"]
[WhiteElo "2316"]
[BlackElo "2491"]
[TimeControl "180+1"]
[EndTime "13:40:25 PDT"]
[Termination "dmosesov won by resignation"]

1. e4 c5 2. Nf3 d6 3. d4 cxd4 4. Nxd4 Nf6 5. Nc3 a6 6. h3 Nc6 7. g4 Qb6 8. Nb3 e6 9. g5 Nd7 10. h4 Be7 11. Qg4 Qc7 12. h5 b5 13. a3 Bb7 14. Rg1 Nce5 15. Qg3 g6 16. h6 Nb6 17. Nd4 O-O-O 18. b3 Kb8 19. Bb2 Rc8 20. f4 Nc6 21. Nxc6+ Bxc6 22. Bd3 Rhd8 23. O-O-O d5 24. exd5 Nxd5 25.
Nxd5 Bxd5 26. Kb1 Ka8 27. Rge1 Qa5 28. b4 Qc7 29. Qe3 Bd6 30. Rf1 Qc6 31. Rde1 Bc7 32. Be4 Bb6 33. Qf3 Bxe4 34. Qxe4 Rd1+ 35. Ka2 Qxe4 0-1

[Event "*** Titled Tuesday Blitz"]
[Site "Chess.com"]
[Date "2020.04.07"]
[Round "4"]
[White "nihalsarin"]
[Black "theprosecution1"]
[Result "1-0"]
[WhiteElo "3086"]
[BlackElo "2805"]
[TimeControl "180+1"]
[EndTime "13:40:26 PDT"]
[Termination "nihalsarin won by resignation"]

1. d4 Nf6 2. Bf4 e6 3. e3 c5 4. Nf3 cxd4 5. exd4 b6 6. Nbd2 Bb7 7. Nc4 d6 8. c3 Be7 9. Be2 O-O 10. O-O Qc7 11.
a4 a6 12. Re1 Nbd7 13. Ne3 Rfe8 14. h3 Nf8 15. Bh2 Ng6 16. Bd3 Nd5 17. Nxd5 Bxd5 18.
Qe2 Qb7 19. Bg3 Bf8 20. h4 e5 21. h5 Nf4 22. Bxf4 exf4 23. Qd1 b5 24. axb5 axb5 25. Rxa8 Rxa8 26. Nh4 Qd7 27. Bf5 Qc6 28. Qg4 Re8 29.
Ra1 b4 30. Bd7 Ra8 31. Bxc6 Rxa1+ 32. Kh2 Bxc6 33. Qc8 Be4 34. cxb4 d5 35. b5 Rb1 36.
b6 Rxb2 37. b7 1-0

[Event "*** Titled Tuesday Blitz"]
[Site "Chess.com"]
[Date "2020.04.07"]
[Round "4"]
[White "donotreadit"]
[Black "volcanoexplorer"]
[Result "1-0"]
[WhiteElo "2747"]
[BlackElo "2539"]
[TimeControl "180+1"]
[EndTime "13:40:26 PDT"]
[Termination "donotreadit won by resignation"]

1. Nf3 Nf6 2. b3 g6 3. Bb2 Bg7 4. g3 O-O 5. Bg2 d5 6. c4 c6 7.
O-O a5 8. Nc3 a4 9. Nxa4 dxc4 10.
Qc2 Bf5 11. Qc1 cxb3 12. axb3 Na6 13. d3 Nb4 14. Rd1 h6 15. h3 g5 16. Qc5 Qa5 17. Qxa5 Rxa5 18. Bc3 c5 19. Nxc5 Rxc5 20. Bxb4 Rb5 21.
Bxe7 Re8 22. Nd4 Nd7 23. Nxb5 Bxa1 24. Nd6 Rxe7 25. Nxf5 Re5 26. Nxh6+ Kg7 27. Rxa1 Kxh6 28. e3 Rb5 29. Ra7 Nc5 30. d4 Nxb3 31. Rxb7 Rxb7 32.
Bxb7 Na5 33. Bd5 Kg7 34. Kg2 Kf6 35. h4 gxh4 36. gxh4 Kg6 37. Kg3 f5 38. Kf4 Kf6 39. h5 1-0

[Event "*** Titled Tuesday Blitz"]
[Site "Chess.com"]
[Date "2020.04.07"]
[Round "4"]
[White "Chesstrainer1"]
[Black "Chessdemon2019"]
[Result "1-0"]
[WhiteElo "2455"]
[BlackElo "2263"]
[TimeControl "180+1"]
[EndTime "13:40:26 PDT"]
[Termination "Chesstrainer1 won by resignation"]

1. Nf3 c5 2. g3 g6 3. Bg2 Bg7 4. O-O Nc6 5. e4 Nf6 6. Re1 d6 7. c3 O-O 8. d4 cxd4 9. cxd4 Bg4 10. h3 Bxf3 11. Bxf3 Qb6 12. e5 dxe5 13. dxe5 Rfd8 14. Qa4 Nd5 15. e6 f5 16. Na3 Nd4 17. Bg2 Qc5 18.
Bd2 b5 19. Qd1 Qb6 20. Rc1 Nxe6 21. Qb3 Nec7 22. Rxc7 Qxc7 23. Bxd5+ e6 24. Bf4 Qa5 25. Rxe6 Kh8 26. Bxa8 Rxa8 27. Re7 Rd8 28. Qf7 Rd1+ 29. Kh2 Qc3 30. Re8+ 1-0

[Event "*** Titled Tuesday Blitz"]
[Site "Chess.com"]
[Date "2020.04.07"]
[Round "4"]
[White "AustrianFalcon"]
[Black "Eltaj_Safarli"]
[Result "0-1"]
[WhiteElo "2605"]
[BlackElo "3051"]
[TimeControl "180+1"]
[EndTime "13:40:27 PDT"]
[Termination "Eltaj_Safarli won by resignation"]

1. e4 e5 2. Nf3 Nc6 3. Bb5 a6 4. Ba4 d6 5. O-O Bd7 6. d4 exd4 7. Bxc6 Bxc6 8. Nxd4 Nf6 9. Nc3 Be7 10. Re1 O-O 11. Nf5 Nd7 12. Nd5 Bxd5 13. Qxd5 Rb8 14. a4 Bf6 15.
Ra3 Re8 16. Rg3 Re6 17. Qd1 Kh8 18. h4 Qe8 19. Qg4 Ne5 20. Qh3 h6 21. h5 Nd7 22.
Qg4 Qf8 23. f4 Rbe8 24. Kh2 Rxe4 25. Rxe4 Rxe4 26. Nxg7 Bxg7 27. Qxd7 Qe7 28. Qf5 Qe6 29.
Qxe6 fxe6 30. c3 e5 31. f5 Rh4+ 32. Rh3 Rxa4 33. Rf3 Rh4+ 34. Kg3 Rxh5 35. f6 Bf8 36.
Rf1 Kh7 37. Kg4 Kg6 38. Be3 e4 39. Bd4 Rg5+ 40. Kh4 c5 41. Be3 Rxg2 42. Kh3 Rxb2 43. Rg1+ Kxf6 44. Rf1+ Ke7 45. Kg4 Re2 46. Bf2 Bg7 47.
Bh4+ Ke6 48. Kh5 Bxc3 49. Kg6 Be5 50. Rf8 c4 51. Re8+ Kd5 0-1

[Event "*** Titled Tuesday Blitz"]
[Site "Chess.com"]
[Date "2020.04.07"]
[Round "4"]
[White "Budisavljevic"]
[Black "rpragchess"]
[Result "0-1"]
[WhiteElo "2530"]
[BlackElo "2796"]
[TimeControl "180+1"]
[EndTime "13:40:27 PDT"]
[Termination "rpragchess won by resignation"]

1. d4 Nf6 2. Nf3 b6 3. e3 Bb7 4. Bd3 g6 5. c4 Bg7 6. Nc3 O-O 7. e4 d6 8. h3 Nc6 9. d5 Nb4 10. Bb1 Nd7 11. O-O a5 12. Be3 c6 13. a3 Na6 14.
Nd4 Ne5 15. Qe2 Rc8 16. f4 cxd5 17. cxd5 Nd7 18. Bc2 Nac5 19. Rfd1 b5 20. Ncxb5 a4 21. Nc3 Qa5 22. Rac1 Nb6 23. Qb5 Qxb5 24. Ndxb5 Nc4 25.
Bxc5 Rxc5 26. Bxa4 Nxb2 27. Re1 Nxa4 28. Nxa4 Rxb5 29.
Rc7 Ra8 30. e5 Rxa4 31. Rxe7 Ra8 32. exd6 Bf6 33. d7 Bxe7 34. Rxe7 Rxd5 0-1

[Event "*** Titled Tuesday Blitz"]
[Site "Chess.com"]
[Date "2020.04.07"]
[Round "4"]
[White "FelixBlohberger"]
[Black "imdvb6307"]
[Result "1-0"]
[WhiteElo "2601"]
[BlackElo "2397"]
[TimeControl "180+1"]
[EndTime "13:40:27 PDT"]
[Termination "FelixBlohberger won on time"]

1. d4 d5 2. Bf4 c6 3. e3 Bf5 4. c4 e6 5. Nc3 Nf6 6. Qb3 Qb6 7. c5 Qxb3 8. axb3 Nbd7 9. b4 Be7 10. h3 b5 11. Nf3 h6 12. Ra6 Rc8 13. Rxa7 O-O 14.
Ne5 Rfd8 15. Be2 Bf8 16. Kd2 Nxe5 17. Bxe5 Ne4+ 18. Nxe4 Bxe4 19. f3 Bg6 20. Rha1 f6 21. Bc7 Rd7 22. Bd6 Rxa7 23. Rxa7 Be8 24. Bxf8 Kxf8 25.
e4 Rd8 26. Ke3 Rd7 27. Ra8 Ke7 28. Bd3 Rd8 29. Ra7+ Rd7 30. Ra6 Rc7 31. f4 Bd7 32.
g4 Be8 33. f5 Bf7 34. fxe6 Bxe6 35. exd5 Bxd5 36. Be4 Bxe4 37. Kxe4 Kd7 38. d5 cxd5+ 39. Kxd5 Ke7 40. Re6+ Kf7 41. c6 Ra7 42. Kd6 Ra6 43. Re7+ Kf8 44. Rb7 Ke8 45. Kc5 g5 46. Kxb5 Ra1 47.
Rh7 Re1 48. c7 1-0